[ AOE2 MATCH · #489200852 ]
UnrankedByzantines vs Poles
Player's team · LOSS
Rival team · WIN
[ REPLAY ANALYSIS · EXTRACTED FROM THE RECORDED GAME ]
Feudal
12:16
Castle
15:54
Imperial
—
| APM avg | 35.5 |
| APM peak | 83 |
| eAPM avg | 19.2 |
| Villagers / military | 151 / 103 |
Focus
⚔️ 23.9% · 🌾 76.1%
Knight ×71 · Archer ×13 · Camel Scout ×12 · Scout Cavalry ×5 · Transport Ship ×2
Feudal
13:31
Castle
21:18
Imperial
29:38
| APM avg | 28.9 |
| APM peak | 74 |
| eAPM avg | 17.3 |
| Villagers / military | 120 / 53 |
Focus
⚔️ 32.0% · 🌾 68.0%
Spearman ×33 · Obuch ×13 · Fishing Ship ×8 · Trebuchet (Packed) ×5 · Militia ×1 · Transport Ship ×1
Match map
Initial resources + every placement click. Lines = walls · curves = elevation contours. ◆ gold · ⬟ stone · ● berries · ✦ relic · ◌ wall gap
Your base· Open — unwalled flank
灵性猫猫's base· Open — unwalled flank
Smoothed initial terrain · ◌ = detected wall gap · hover for details
Inputs per minute
— CTM | Crawly94 - - 灵性猫猫
Build order — CTM | Crawly94
First 150 of 430 actions detected
| 0:00 | Create | Villager (Male) |
| 0:01 | Create | Villager (Male) |
| 0:02 | Build | House |
| 0:03 | Build | House |
| 0:03 | Create | Villager (Male) |
| 0:03 | Create | Villager (Male) |
| 1:26 | Create | Villager (Male) |
| 1:26 | Create | Villager (Male) |
| 2:02 | Create | Villager (Male) |
| 2:02 | Create | Villager (Male) |
| 2:28 | Create | Villager (Male) |
| 2:28 | Create | Villager (Male) |
| 2:56 | Create | Villager (Male) |
| 2:57 | Create | Villager (Male) |
| 3:04 | Build | Mill |
| 3:07 | Create | Villager (Male) |
| 3:07 | Create | Villager (Male) |
| 3:33 | Build | Lumber Camp |
| 3:36 | Create | Villager (Male) |
| 3:36 | Create | Villager (Male) |
| 3:52 | Create | Villager (Male) |
| 3:52 | Create | Villager (Male) |
| 4:12 | Build | House |
| 4:35 | Create | Villager (Male) |
| 4:35 | Create | Villager (Male) |
| 5:06 | Create | Villager (Male) |
| 5:26 | Create | Villager (Male) |
| 5:51 | Create | Villager (Male) |
| 5:51 | Create | Villager (Male) |
| 6:11 | Build | Mill |
| 6:16 | Create | Villager (Male) |
| 6:38 | Build | House |
| 7:11 | Create | Villager (Male) |
| 7:11 | Create | Villager (Male) |
| 7:11 | Create | Villager (Male) |
| 7:11 | Create | Villager (Male) |
| 7:12 | Create | Villager (Male) |
| 8:13 | Build | Mining Camp |
| 8:32 | Build | House |
| 8:35 | Build | Palisade Wall |
| 8:37 | Build | Palisade Wall |
| 8:37 | Build | Palisade Wall |
| 9:16 | Create | Villager (Male) |
| 9:20 | Research | Loom |
| 9:21 | Research | Feudal Age |
| 9:40 | Build | Palisade Wall |
| 9:45 | Build | Palisade Gate |
| 10:45 | Create | Villager (Male) |
| 10:45 | Create | Villager (Male) |
| 12:16 | Age | Feudal Age |
| 12:18 | Build | Market |
| 12:26 | Build | Blacksmith |
| 13:14 | Research | Castle Age |
| 13:14 | Research | Castle Age |
| 13:20 | Research | Double-Bit Axe |
| 14:41 | Build | Mill |
| 14:47 | Build | Farm |
| 14:48 | Build | Farm |
| 14:48 | Build | Farm |
| 14:48 | Build | Farm |
| 14:49 | Build | Farm |
| 14:49 | Build | Farm |
| 14:49 | Build | Farm |
| 14:50 | Build | Farm |
| 14:50 | Build | Farm |
| 15:06 | Research | Gold Mining |
| 15:06 | Research | Gold Mining |
| 15:41 | Build | House |
| 15:44 | Build | Palisade Wall |
| 15:48 | Build | Palisade Wall |
| 15:49 | Build | Palisade Wall |
| 15:49 | Build | Palisade Wall |
| 15:54 | Age | Castle Age |
| 15:57 | Research | Horse Collar |
| 16:01 | Create | Villager (Male) |
| 16:01 | Create | Villager (Male) |
| 16:01 | Create | Villager (Male) |
| 16:45 | Build | Farm |
| 16:56 | Build | Lumber Camp |
| 17:00 | Create | Villager (Male) |
| 17:00 | Create | Villager (Male) |
| 17:04 | Build | Farm |
| 17:07 | Create | Villager (Male) |
| 17:31 | Create | Villager (Male) |
| 17:43 | Build | House |
| 17:44 | Build | House |
| 17:45 | Build | House |
| 17:47 | Build | House |
| 17:50 | Create | Villager (Male) |
| 17:56 | Build | Farm |
| 18:26 | Build | Mining Camp |
| 18:31 | Create | Villager (Male) |
| 19:21 | Build | Stone Wall |
| 19:26 | Create | Villager (Male) |
| 19:33 | Build | Stone Wall |
| 19:34 | Create | Villager (Male) |
| 19:35 | Create | Villager (Male) |
| 20:02 | Build | Town Center |
| 20:04 | Create | Villager (Male) |
| 20:32 | Build | Barracks |
| 20:34 | Create | Villager (Male) |
| 21:08 | Create | Villager (Male) |
| 21:23 | Create | Villager (Male) |
| 21:24 | Create | Villager (Male) |
| 21:44 | Create | Villager (Male) |
| 21:45 | Create | Villager (Male) |
| 21:49 | Build | Stable |
| 21:59 | Research | Bow Saw |
| 22:04 | Create | Villager (Male) |
| 22:06 | Create | Villager (Male) |
| 22:11 | Build | Farm |
| 22:15 | Build | Farm |
| 22:17 | Create | Villager (Male) |
| 22:17 | Create | Villager (Male) |
| 22:27 | Build | Gate |
| 22:30 | Build | House |
| 22:31 | Create | Villager (Male) |
| 22:41 | Build | Stone Wall |
| 22:45 | Create | Villager (Male) |
| 22:48 | Create | Villager (Male) |
| 23:02 | Build | Stable |
| 23:05 | Create | Villager (Male) |
| 23:20 | Create | Camel Scout |
| 23:20 | Create | Camel Scout |
| 23:30 | Create | Villager (Male) |
| 23:40 | Create | Villager (Male) |
| 24:07 | Build | Farm |
| 24:14 | Create | Villager (Male) |
| 24:14 | Create | Villager (Male) |
| 24:21 | Create | Camel Scout |
| 24:21 | Create | Camel Scout |
| 24:29 | Build | Farm |
| 24:30 | Build | Farm |
| 24:30 | Build | Farm |
| 24:30 | Build | Farm |
| 24:30 | Build | Farm |
| 24:37 | Build | Farm |
| 24:38 | Build | Farm |
| 24:38 | Build | Farm |
| 24:38 | Build | Farm |
| 24:43 | Build | Farm |
| 24:43 | Build | Farm |
| 24:44 | Build | Farm |
| 24:44 | Build | Farm |
| 24:44 | Build | Farm |
| 24:44 | Build | Farm |
| 24:52 | Create | Camel Scout |
| 24:53 | Create | Camel Scout |
| 25:04 | Create | Villager (Male) |
| 25:20 | Build | Castle |
Build order — 灵性猫猫
First 150 of 318 actions detected
| 0:00 | Create | Villager (Male) |
| 0:01 | Create | Villager (Male) |
| 0:02 | Build | House |
| 0:04 | Build | House |
| 0:25 | Create | Villager (Male) |
| 0:25 | Create | Villager (Male) |
| 1:43 | Create | Villager (Male) |
| 1:44 | Create | Villager (Male) |
| 2:12 | Create | Villager (Male) |
| 2:12 | Create | Villager (Male) |
| 2:49 | Build | Lumber Camp |
| 3:04 | Build | Lumber Camp |
| 3:09 | Create | Villager (Male) |
| 3:09 | Create | Villager (Male) |
| 3:09 | Create | Villager (Male) |
| 3:40 | Create | Villager (Male) |
| 4:04 | Create | Villager (Male) |
| 4:23 | Create | Villager (Male) |
| 4:28 | Build | House |
| 4:30 | Build | House |
| 4:59 | Create | Villager (Male) |
| 5:00 | Create | Villager (Male) |
| 5:29 | Build | House |
| 5:35 | Build | House |
| 5:58 | Build | Mill |
| 6:17 | Research | Loom |
| 6:42 | Create | Villager (Male) |
| 6:47 | Build | Mill |
| 7:00 | Create | Villager (Male) |
| 7:07 | Build | Dock |
| 7:37 | Create | Villager (Male) |
| 8:17 | Create | Fishing Ship |
| 8:18 | Create | Fishing Ship |
| 8:48 | Build | Mill |
| 9:10 | Create | Villager (Male) |
| 9:10 | Create | Villager (Male) |
| 9:27 | Build | Lumber Camp |
| 9:31 | Build | House |
| 9:33 | Build | Palisade Wall |
| 9:39 | Build | Palisade Gate |
| 9:46 | Build | Palisade Wall |
| 9:47 | Build | Palisade Wall |
| 9:57 | Build | Palisade Wall |
| 10:02 | Build | Palisade Wall |
| 10:03 | Build | Palisade Wall |
| 10:06 | Create | Villager (Male) |
| 10:07 | Create | Villager (Male) |
| 10:38 | Create | Villager (Male) |
| 10:51 | Build | House |
| 10:52 | Build | House |
| 10:54 | Build | Palisade Wall |
| 11:11 | Research | Feudal Age |
| 11:37 | Create | Fishing Ship |
| 11:37 | Create | Fishing Ship |
| 11:59 | Build | Palisade Wall |
| 12:06 | Build | Palisade Wall |
| 12:08 | Build | Palisade Wall |
| 12:09 | Build | Palisade Wall |
| 12:39 | Build | Palisade Wall |
| 12:45 | Build | Palisade Wall |
| 12:46 | Build | Palisade Wall |
| 12:49 | Build | Palisade Wall |
| 13:31 | Age | Feudal Age |
| 13:51 | Build | Watch Tower |
| 13:55 | Build | Blacksmith |
| 14:01 | Create | Villager (Male) |
| 14:01 | Create | Villager (Male) |
| 14:07 | Build | Palisade Gate |
| 14:12 | Create | Villager (Male) |
| 14:13 | Create | Villager (Male) |
| 14:26 | Create | Villager (Male) |
| 14:26 | Create | Villager (Male) |
| 14:27 | Research | Wheelbarrow |
| 14:28 | Research | Double-Bit Axe |
| 14:29 | Research | Horse Collar |
| 14:45 | Build | Palisade Wall |
| 14:49 | Build | House |
| 14:56 | Build | House |
| 14:58 | Build | House |
| 15:03 | Build | House |
| 15:06 | Create | Villager (Male) |
| 15:06 | Create | Villager (Male) |
| 15:23 | Build | Mining Camp |
| 15:27 | Create | Villager (Male) |
| 15:33 | Research | Fletching |
| 15:48 | Build | Palisade Gate |
| 16:35 | Create | Fishing Ship |
| 16:35 | Create | Fishing Ship |
| 16:43 | Build | Farm |
| 16:46 | Build | Farm |
| 16:49 | Build | Farm |
| 16:54 | Create | Villager (Male) |
| 16:55 | Create | Villager (Male) |
| 17:02 | Build | Palisade Wall |
| 17:02 | Build | Palisade Wall |
| 17:03 | Build | Palisade Wall |
| 17:05 | Build | Palisade Wall |
| 17:28 | Build | Market |
| 18:11 | Build | Mining Camp |
| 18:38 | Research | Castle Age |
| 18:43 | Build | Farm |
| 18:45 | Build | Farm |
| 18:47 | Build | Farm |
| 19:10 | Build | Palisade Wall |
| 19:11 | Build | Palisade Wall |
| 19:16 | Build | Dock |
| 19:37 | Research | Gold Mining |
| 20:06 | Research | Town Watch |
| 20:08 | Create | Fishing Ship |
| 20:09 | Create | Fishing Ship |
| 20:12 | Build | House |
| 20:43 | Build | Barracks |
| 21:18 | Age | Castle Age |
| 21:34 | Build | Monastery |
| 21:43 | Research | Bow Saw |
| 22:01 | Build | Town Center |
| 22:13 | Create | Villager (Male) |
| 22:13 | Create | Villager (Male) |
| 22:18 | Build | Farm |
| 22:20 | Build | Farm |
| 22:38 | Create | Villager (Male) |
| 22:39 | Create | Villager (Male) |
| 22:50 | Build | Outpost |
| 23:24 | Build | Outpost |
| 23:34 | Research | Heavy Plow |
| 23:36 | Create | Villager (Male) |
| 23:36 | Create | Villager (Male) |
| 23:44 | Create | Villager (Male) |
| 23:44 | Create | Villager (Male) |
| 24:15 | Create | Villager (Male) |
| 24:16 | Create | Villager (Male) |
| 24:16 | Create | Villager (Male) |
| 24:26 | Build | Castle |
| 24:28 | Research | Bodkin Arrow |
| 24:33 | Build | House |
| 24:36 | Build | House |
| 24:42 | Create | Villager (Male) ×5 |
| 24:44 | Research | Stone Mining |
| 24:49 | Create | Villager (Male) |
| 24:49 | Create | Villager (Male) |
| 25:18 | Build | Farm |
| 25:26 | Build | Fish Trap |
| 25:28 | Build | Fish Trap |
| 25:52 | Create | Obuch |
| 25:53 | Create | Obuch |
| 25:57 | Build | Farm |
| 26:09 | Create | Villager (Male) |
| 26:09 | Create | Villager (Male) |
| 26:13 | Create | Villager (Male) |
| 26:14 | Create | Villager (Male) |
Match timeline
| 7:07 | 灵性猫猫 · first_building Dock |
| 8:35 | CTM | Crawly94 · wall_segment Palisade Wall x1 |
| 8:37 | CTM | Crawly94 · wall_segment Palisade Wall x1 |
| 8:37 | CTM | Crawly94 · wall_segment Palisade Wall x1 |
| 9:33 | 灵性猫猫 · wall_segment Palisade Wall x1 |
| 9:40 | CTM | Crawly94 · wall_segment Palisade Wall x1 |
| 9:46 | 灵性猫猫 · wall_segment Palisade Wall x4 |
| 9:47 | 灵性猫猫 · wall_segment Palisade Wall x1 |
| 9:57 | 灵性猫猫 · wall_segment Palisade Wall x13 |
| 10:02 | 灵性猫猫 · wall_segment Palisade Wall x1 |
| 10:03 | 灵性猫猫 · wall_segment Palisade Wall x1 |
| 10:54 | 灵性猫猫 · wall_segment Palisade Wall x1 |
| 11:59 | 灵性猫猫 · wall_segment Palisade Wall x1 |
| 12:06 | 灵性猫猫 · wall_segment Palisade Wall x4 |
| 12:08 | 灵性猫猫 · wall_segment Palisade Wall x1 |
| 12:09 | 灵性猫猫 · wall_segment Palisade Wall x1 |
| 12:16 | CTM | Crawly94 · age_up feudal |
| 12:39 | 灵性猫猫 · wall_segment Palisade Wall x7 |
| 12:45 | 灵性猫猫 · wall_segment Palisade Wall x1 |
| 12:46 | 灵性猫猫 · wall_segment Palisade Wall x1 |
| 12:49 | 灵性猫猫 · wall_segment Palisade Wall x5 |
| 13:31 | 灵性猫猫 · age_up feudal |
| 14:45 | 灵性猫猫 · wall_segment Palisade Wall x1 |
| 15:44 | CTM | Crawly94 · wall_segment Palisade Wall x1 |
| 15:48 | CTM | Crawly94 · wall_segment Palisade Wall x3 |
| 15:49 | CTM | Crawly94 · wall_segment Palisade Wall x1 |
| 15:49 | CTM | Crawly94 · wall_segment Palisade Wall x1 |
| 15:54 | CTM | Crawly94 · age_up castle |
| 17:02 | 灵性猫猫 · wall_segment Palisade Wall x1 |
| 17:02 | 灵性猫猫 · wall_segment Palisade Wall x1 |
| 17:03 | 灵性猫猫 · wall_segment Palisade Wall x1 |
| 17:05 | 灵性猫猫 · wall_segment Palisade Wall x9 |
| 18:14 | 灵性猫猫 · first_market_sell 100 food |
| 19:10 | 灵性猫猫 · wall_segment Palisade Wall x1 |
| 19:11 | 灵性猫猫 · wall_segment Palisade Wall x1 |
| 19:21 | CTM | Crawly94 · wall_segment Stone Wall x13 |
| 19:33 | CTM | Crawly94 · wall_segment Stone Wall x15 |
| 19:48 | CTM | Crawly94 · first_market_buy 100 stone |
| 20:32 | CTM | Crawly94 · first_building Barracks |
| 20:43 | 灵性猫猫 · first_building Barracks |
| 20:53 | 灵性猫猫 · first_market_buy 100 wood |
| 21:18 | 灵性猫猫 · age_up castle |
| 21:34 | 灵性猫猫 · first_building Monastery |
| 21:49 | CTM | Crawly94 · first_building Stable |
| 22:41 | CTM | Crawly94 · wall_segment Stone Wall x6 |
| 24:26 | 灵性猫猫 · first_building Castle |
| 25:20 | CTM | Crawly94 · first_building Castle |
| 26:36 | CTM | Crawly94 · wall_segment Stone Wall x8 |
| 28:36 | CTM | Crawly94 · first_building Dock |
| 29:38 | 灵性猫猫 · age_up imperial |
| 32:13 | 灵性猫猫 · wall_segment Palisade Wall x1 |
| 34:35 | CTM | Crawly94 · wall_segment Stone Wall x8 |
| 35:54 | 灵性猫猫 · wall_segment Palisade Wall x1 |
| 35:58 | 灵性猫猫 · wall_segment Palisade Wall x1 |
| 35:59 | 灵性猫猫 · wall_segment Palisade Wall x1 |
| 38:36 | 灵性猫猫 · wall_segment Palisade Wall x1 |
| 39:59 | 灵性猫猫 · wall_segment Stone Wall x1 |
| 40:01 | 灵性猫猫 · wall_segment Stone Wall x1 |
| 40:06 | 灵性猫猫 · wall_segment Stone Wall x1 |
| 42:39 | 灵性猫猫 · wall_segment Palisade Wall x4 |
| 44:18 | 灵性猫猫 · wall_segment Stone Wall x1 |
| 44:20 | CTM | Crawly94 · first_building Archery Range |
| 44:26 | CTM | Crawly94 · first_market_sell 100 food |
| 47:18 | CTM | Crawly94 · resign |
[ AI ANALYSIS · 1 CREDIT ]
What really happened in this match?
Wolo.gg analyzes every decision: build order, eco, micro, common mistakes by bracket. Personalized analysis on WhatsApp or Discord in 30 seconds.
Civ guide
Byzantines
Perfil
CTM | Crawly94